[Event "*** SCC Grand Prix: Titled Tuesday Blitz"]
[Site "Chess.com"]
[Date "2020.07.21"]
[Round "3"]
[White "Munkhzul_Turmunkh"]
[Black "sewin16"]
[Result "1-0"]
[WhiteElo "2603"]
[BlackElo "2383"]
[TimeControl "180+1"]
[EndTime "10:27:14 PDT"]
[Termination "Munkhzul_Turmunkh won on time"]

1. e4 e5 2. Nf3 Nc6 3. Bb5 Nge7 4. O-O g6 5. c3 a6 6. Ba4 Bg7 7. d4 exd4 8. cxd4 O-O 9. Nc3 b5 10. Bb3 d6 11. h3 Na5 12. Bc2 c5 13. dxc5 dxc5 14.
Qxd8 Rxd8 15. Be3 Nc4 16. Bxc5 Nc6 17. a4 b4 18. Nd5 Bxb2 19. Rab1 Ba3 20. Bb3 N4a5 21.
Bb6 Rf8 22. Nd4 Nxb3 23. Rxb3 Nxd4 24. Bxd4 Rd8 25. Bf6 Rd6 26. Be7 Re6 27. Bxb4 Bxb4 28. Rxb4 a5 29. Rd4 Rb8 30. Rc1 Bd7 31. Rc7 Be8 32.
Ra7 Rb1+ 33. Kh2 Rb2 34. f3 1-0

[Event "*** SCC Grand Prix: Titled Tuesday Blitz"]
[Site "Chess.com"]
[Date "2020.07.21"]
[Round "3"]
[White "UKR_Master"]
[Black "Borsuk_Konstantin"]
[Result "0-1"]
[WhiteElo "2333"]
[BlackElo "2566"]
[TimeControl "180+1"]
[EndTime "10:27:15 PDT"]
[Termination "Borsuk_Konstantin won by resignation"]

1. e4 e6 2. d4 d5 3. e5 c5 4.
c3 Nc6 5. Nf3 Qb6 6. Bd3 Bd7 7.
O-O cxd4 8. cxd4 Nxd4 9. Nxd4 Qxd4 10. Qe2 a6 11. Nc3 Ne7 12. Kh1 Nc6 13. f4 Bc5 14. a3 Ba7 15. Qc2 g6 16. Bd2 Qb6 17. Rae1 Nd4 18. Qb1 Nb3 19. Be3 d4 20. Bf2 Nd2 21.
Qd1 Nxf1 22. Ne4 Ne3 23. Nf6+ Ke7 24. Rxe3 dxe3 25. Bh4 Qd4 26. Qe2 Bc6 27. Ne4+ Kd7 28.
Nf6+ Kc7 29. f5 Qxh4 0-1

[Event "*** SCC Grand Prix: Titled Tuesday Blitz"]
[Site "Chess.com"]
[Date "2020.07.21"]
[Round "3"]
[White "VerdeNotte"]
[Black "GoltsevDmitry2000"]
[Result "1-0"]
[WhiteElo "2830"]
[BlackElo "2566"]
[TimeControl "180+1"]
[EndTime "10:27:17 PDT"]
[Termination "VerdeNotte won by resignation"]

1. e4 c5 2. Nc3 e6 3. Nf3 Nc6 4. Bb5 a6 5. Bxc6 bxc6 6. d3 d5 7. O-O Nf6 8. b3 Be7 9. Ba3 Nd7 10. Na4 Qa5 11. Qe1 Qxe1 12. Raxe1 f6 13. exd5 cxd5 14. Rxe6 Ne5 15. Rxe7+ Kxe7 16. Bxc5+ Kf7 17. Nxe5+ fxe5 18. Nb6 Rb8 19. Nxd5 Be6 20. Nb6 Rb7 21. Re1 Rhb8 22. Na4 Bd7 23. Bd6 Rc8 24. Nc5 Rb6 25. Nxd7 Rxd6 26.
Nxe5+ Kf6 27. Nc4 Re6 28. Kf1 Rxe1+ 29. Kxe1 Ke6 30. Kd2 Rc5 31. d4 Rh5 32. h3 Rg5 33. Ne3 Kd6 34. Kd3 h5 35. h4 Rg6 36. c4 Rf6 37. Ke2 g6 38. g3 Rf8 39. f4 Re8 40.
Kd3 Re7 41. b4 Re8 42. a4 Kc6 43. d5+ Kd6 44. Kd4 Kd7 45. c5 Re7 46. c6+ Kc7 47. Nc4 Re1 48. Kc5 Rg1 49. d6+ Kd8 50. c7+ 1-0

[Event "*** SCC Grand Prix: Titled Tuesday Blitz"]
[Site "Chess.com"]
[Date "2020.07.21"]
[Round "3"]
[White "Funo09"]
[Black "pastouche06"]
[Result "1-0"]
[WhiteElo "2765"]
[BlackElo "2525"]
[TimeControl "180+1"]
[EndTime "10:27:18 PDT"]
[Termination "Funo09 won by checkmate"]

1. e4 c6 2. Nc3 d5 3. Nf3 dxe4 4. Nxe4 Nf6 5. Qe2 Nxe4 6. Qxe4 Qa5 7. Bc4 Bf5 8. Qe2 e6 9. O-O Nd7 10. d4 Bd6 11.
Bg5 O-O 12. Rad1 Bg4 13. Bh4 Qh5 14. Bg3 Bxf3 15. gxf3 Be7 16. Bxe6 fxe6 17. Qxe6+ Rf7 18. Qxd7 Qxf3 19. Rd3 Qf6 20. Qxb7 Raf8 21. Qxa7 h5 22. Be5 Qe6 23. Qa4 h4 24. Qb3 Qg4+ 25. Kh1 Kh8 26.
f3 Qh3 27. Rf2 Rf5 28. Qe6 Bg5 29. Rd1 Be3 30. Rg1 Bxf2 31. Qh6+ Kg8 32. Qxg7# 1-0

[Event "*** SCC Grand Prix: Titled Tuesday Blitz"]
[Site "Chess.com"]
[Date "2020.07.21"]
[Round "3"]
[White "tk22h"]
[Black "m_ezat"]
[Result "0-1"]
[WhiteElo "2304"]
[BlackElo "2564"]
[TimeControl "180+1"]
[EndTime "10:27:18 PDT"]
[Termination "m_ezat won by resignation"]

1. c4 Nf6 2. Nc3 g6 3. Nf3 Bg7 4. g3 O-O 5. Bg2 d5 6. cxd5 Nxd5 7. O-O c5 8. Nxd5 Qxd5 9. d3 Nc6 10. Be3 Bxb2 11.
Rb1 Bf6 12. Qa4 Qd6 13. Nd2 Nd4 14. Bxd4 Bxd4 15. Bxb7 Bh3 16. Bg2 Bxg2 17. Kxg2 Rab8 18.
Ne4 Qd5 19. Qc4 Qxc4 20. dxc4 Rb4 21. Rxb4 cxb4 22. Nd2 Rc8 23. Nb3 Rxc4 24. Rd1 Bf6 25. Rd8+ Kg7 26. Kf3 Rc2 27. Rb8 Bc3 28. Rb7 Rxa2 29.
Rxe7 a5 30. Nc5 Ra3 31. e3 b3 32. Rb7 Bb4 33. Nd3 Bd6 34. Ke2 a4 35. e4 Ra2+ 36.
Ke3 Rc2 37. e5 Bc5+ 38. Ke4 Kf8 39. Kd5 Bxf2 40. Nf4 Be3 41. e6 Bxf4 42. gxf4 Rd2+ 43. Kc5 fxe6 44. Rb4 b2 45. Kb5 a3 0-1

[Event "*** SCC Grand Prix: Titled Tuesday Blitz"]
[Site "Chess.com"]
[Date "2020.07.21"]
[Round "3"]
[White "SCIM"]
[Black "kasparicy"]
[Result "1-0"]
[WhiteElo "2571"]
[BlackElo "2341"]
[TimeControl "180+1"]
[EndTime "10:27:19 PDT"]
[Termination "SCIM won by resignation"]

1. d4 Nf6 2. c4 g6 3. Nc3 d5 4.
cxd5 Nxd5 5. e4 Nxc3 6. bxc3 Bg7 7. Bc4 c5 8. Ne2 O-O 9. Be3 Nc6 10. O-O Bg4 11. d5 Na5 12. Bb5 a6 13. Bd3 c4 14.
Bc2 Bxe2 15. Qxe2 e6 16. dxe6 fxe6 17. Rad1 Qc7 18. Bd4 b5 19. Bxg7 Qxg7 20. e5 Rad8 21. f4 Nc6 22. Qe4 Qa7+ 23. Kh1 Ne7 24. Rd6 Nd5 25.
Rxe6 Nxc3 26. Qf3 Nd5 27. Bxg6 hxg6 28. Rxg6+ Kh8 29. Qh5+ Qh7 30. Rh6 Rd7 31. e6 Re7 32. Rxh7+ Rxh7 33. Qxd5 1-0

[Event "*** SCC Grand Prix: Titled Tuesday Blitz"]
[Site "Chess.com"]
[Date "2020.07.21"]
[Round "3"]
[White "KuzubovYuriy"]
[Black "MathiasWomacka"]
[Result "1-0"]
[WhiteElo "2824"]
[BlackElo "2444"]
[TimeControl "180+1"]
[EndTime "10:27:21 PDT"]
[Termination "KuzubovYuriy won on time"]

1. d4 Nf6 2. c4 e6 3. Nf3 Bb4+ 4.
Bd2 c5 5. g3 b6 6. Bg2 Bb7 7. d5 Bxd2+ 8. Qxd2 exd5 9. Nh4 O-O 10. cxd5 g6 11. Nc3 d6 12. O-O Na6 13. f4 Nc7 14. e4 b5 15. f5 b4 16. Nd1 Nb5 17.
Qh6 Nd4 18. Ne3 Qe7 19. Rae1 Rae8 20. h3 Nd7 21. Ng4 gxf5 22. exf5 Qxe1 23. Rxe1 Rxe1+ 24. Kh2 f6 25. Qf4 Ne5 26. Nf2 Re2 27. Kh1 Rxb2 28. Ne4 Rxa2 29. Nxd6 Rxg2 30. Nxg2 Bxd5 31. Ne4 b3 32. Nxf6+ Rxf6 33. Qxe5 b2 34. Qb8+ 1-0

[Event "*** SCC Grand Prix: Titled Tuesday Blitz"]
[Site "Chess.com"]
[Date "2020.07.21"]
[Round "3"]
[White "isainz"]
[Black "hermionegrangermagic"]
[Result "0-1"]
[WhiteElo "2130"]
[BlackElo "2475"]
[TimeControl "180+1"]
[EndTime "10:27:22 PDT"]
[Termination "hermionegrangermagic won by resignation"]

1. e4 c5 2. Nf3 Nc6 3. d4 cxd4 4. Nxd4 e5 5. Nb5 d6 6. c4 Be7 7. N1c3 a6 8. Na3 Nf6 9. Bd3 O-O 10. O-O Nd7 11. Nd5 Nc5 12. Nc2 Ne6 13. Be3 Bg5 14. Bb6 Qe8 15. g3 Bd8 16. Be3 Rb8 17. Rc1 b5 18.
cxb5 axb5 19. Na3 Ncd4 20. Nxb5 Nxb5 21. Qa4 Ned4 22. Bxd4 Nxd4 23. Qxe8 Rxe8 24. b4 Be6 25. a3 Bxd5 26. exd5 e4 27. Ba6 Ra8 28. Rc6 Nxc6 0-1

[Event "*** SCC Grand Prix: Titled Tuesday Blitz"]
[Site "Chess.com"]
[Date "2020.07.21"]
[Round "3"]
[White "Isajevsky_Anton"]
[Black "ShimanovAlex"]
[Result "0-1"]
[WhiteElo "2557"]
[BlackElo "2807"]
[TimeControl "180+1"]
[EndTime "10:27:23 PDT"]
[Termination "ShimanovAlex won on time"]

1. c4 g6 2. Nc3 Bg7 3. g3 e6 4.
Bg2 Ne7 5. Nf3 d5 6. d4 Nbc6 7.
cxd5 exd5 8. O-O O-O 9. b3 Bg4 10. e3 h5 11. h3 Bf5 12. Bb2 Qd7 13. Kh2 Rad8 14. Rc1 Rfe8 15. Na4 b6 16. a3 Rc8 17. Nc3 Be6 18. b4 Nf5 19. Nd2 Nce7 20. Qa4 c6 21.
b5 c5 22. dxc5 bxc5 23. Rfd1 Qc7 24. Kg1 d4 25. exd4 Nxd4 26. Re1 h4 27. g4 Bh6 28. Rcd1 Bf4 29. Nc4 Rcd8 30. Ne4 Nd5 31. Kh1 Bh6 32. Rxd4 cxd4 33. Bxd4 Bg7 34. Bxg7 Kxg7 35. Na5 Nf4 36. Nc6 Rd3 0-1

[Event "*** SCC Grand Prix: Titled Tuesday Blitz"]
[Site "Chess.com"]
[Date "2020.07.21"]
[Round "3"]
[White "MagnusSeinFanboy"]
[Black "Susal_De_Silva"]
[Result "0-1"]
[WhiteElo "2527"]
[BlackElo "2319"]
[TimeControl "180+1"]
[EndTime "10:27:23 PDT"]
[Termination "Susal_De_Silva won on time"]

1. d4 Nf6 2. c4 e6 3. Nc3 Bb4 4. e3 O-O 5. Nf3 c5 6. Bd3 d6 7. O-O Nc6 8. Bd2 e5 9. d5 Ne7 10. Qc2 Ng6 11. a3 Bxc3 12. Bxc3 Nh5 13. Nd2 f5 14. b4 b6 15. f3 Qg5 16. Rae1 Bd7 17. Rf2 f4 18. e4 Nh4 19. Nf1 Rf6 20. Bd2 Rg6 21. Bc1 Bh3 22. g3 Bxf1 23. Bxf1 fxg3 24. Bxg5 gxf2+ 25. Kxf2 Rxg5 26. bxc5 bxc5 27. Bh3 Rf8 28. Ke2 Nxf3 29. Be6+ Kh8 30. Kd1 Nxe1 31. Qe2 Ng2 32. Kc2 Ngf4 33. Qe3 Rg2+ 34. Kc3 Ne2+ 35. Kb3 Nd4+ 36.
Ka4 Nf4 37. Bd7 Rc2 38. Bb5 a6 0-1

[Event "*** SCC Grand Prix: Titled Tuesday Blitz"]
[Site "Chess.com"]
[Date "2020.07.21"]
[Round "3"]
[White "profofchess"]
[Black "tylityli"]
[Result "1-0"]
[WhiteElo "2352"]
[BlackElo "2126"]
[TimeControl "180+1"]
[EndTime "10:27:23 PDT"]
[Termination "profofchess won by resignation"]

1. e4 e5 2. Nf3 Nc6 3. Nc3 Nf6 4. Bb5 Bb4 5. O-O O-O 6. d3 d6 7. Ne2 Ne7 8. c3 Bc5 9. d4 Bb6 10. Ng3 Ng6 11. h3 c6 12. Ba4 h6 13. Re1 Bc7 14. Be3 Re8 15. Qd2 d5 16. dxe5 Nxe5 17. Nxe5 Bxe5 18.
f4 Bc7 19. e5 Nd7 20. Bc2 Bb6 21. Qd3 Nf8 22. Rad1 Bxe3+ 23. Rxe3 Qb6 24. b3 a5 25. Kh2 Qa6 26. Qd2 a4 27. b4 a3 28. f5 Qb6 29.
Nh5 c5 30. Rg3 g6 31. Qxh6 1-0

[Event "*** SCC Grand Prix: Titled Tuesday Blitz"]
[Site "Chess.com"]
[Date "2020.07.21"]
[Round "3"]
[White "Colchonero64"]
[Black "vpsetter"]
[Result "1-0"]
[WhiteElo "2932"]
[BlackElo "2602"]
[TimeControl "180+1"]
[EndTime "10:27:24 PDT"]
[Termination "Colchonero64 won on time"]

1. d4 Nf6 2. Nf3 d5 3. Bf4 c5 4.
e3 Nc6 5. Nbd2 cxd4 6. exd4 Bg4 7. c3 e6 8. Qb3 Qc8 9. Bd3 Nh5 10. Be3 Bxf3 11. Nxf3 Bd6 12. g3 O-O 13. Qc2 f5 14. g4 Nf4 15. Bxf4 Bxf4 16. gxf5 exf5 17. Kf1 Qe6 18. Re1 Qf6 19. Qe2 Rae8 20. Qxe8 Rxe8 21. Rxe8+ Kf7 22. Re2 Qh6 23. Bxf5 Qh5 24. Be6+ Kf6 25. Ne1 Nd8 26. Bc8 b5 27. h3 Bd6 28. Rg1 Qh4 29. Re3 Bf4 30. Rf3 1-0

[Event "*** SCC Grand Prix: Titled Tuesday Blitz"]
[Site "Chess.com"]
[Date "2020.07.21"]
[Round "3"]
[White "ulises2013"]
[Black "MasterKroket"]
[Result "1-0"]
[WhiteElo "2626"]
[BlackElo "2399"]
[TimeControl "180+1"]
[EndTime "10:27:24 PDT"]
[Termination "ulises2013 won by resignation"]

1. d4 Nf6 2. c4 e6 3. Nf3 b6 4. g3 Bb7 5. Bg2 Be7 6. O-O O-O 7. b3 c5 8. Bb2 cxd4 9. Qxd4 Nc6 10. Qf4 d5 11. Rd1 Qb8 12. Qxb8 Raxb8 13. cxd5 Nxd5 14. Nc3 Bf6 15. Rac1 Rfd8 16. Nxd5 Bxb2 17. Rxc6 Rxd5 18. Rxd5 Bxc6 19. Rd2 Bf6 20. Rc2 Be4 21. Rc7 a5 22. Nd2 Bxg2 23. Kxg2 h6 24. Nc4 Bd4 25. Rd7 Bc5 26. Rc7 Rd8 27. Kf3 f6 28. Rc6 Kf7 29. Nxb6 Bxb6 30. Rxb6 a4 31. bxa4 Rd2 32. a3 Rd4 33. Rb2 Rxa4 34. Ra2 e5 35. Ke3 Ke6 36. Kd3 Kd5 37. Kc3 Kc5 38. Kb3 Kb5 39. Rd2 Re4 40. e3 f5 41. a4+ Kc5 42. Rc2+ Kb6 43. Rc4 1-0

[Event "*** SCC Grand Prix: Titled Tuesday Blitz"]
[Site "Chess.com"]
[Date "2020.07.21"]
[Round "3"]
[White "fabianvivasz"]
[Black "Zenzo"]
[Result "0-1"]
[WhiteElo "2291"]
[BlackElo "2540"]
[TimeControl "180+1"]
[EndTime "10:27:25 PDT"]
[Termination "Zenzo won on time"]

1. e4 e5 2. Nf3 Nc6 3. d4 exd4 4. Bc4 Nf6 5. e5 d5 6. Bb5 Ne4 7. Nxd4 Bd7 8. Bxc6 bxc6 9. O-O Bc5 10. f3 Ng5 11. f4 Ne4 12. Be3 Bb6 13. Nd2 Nxd2 14. Qxd2 O-O 15. Nb3 f6 16. Qc3 fxe5 17. fxe5 Qe7 18.
Bc5 Rxf1+ 19. Rxf1 Re8 20. a4 a5 21. Kh1 Qg5 22. Qd4 h6 23. Re1 Bf5 24. Re2 Be4 25.
Bxb6 cxb6 26. Qxb6 Rxe5 27. Qxa5 Rf5 28. Qe1 Qf6 29.
Kg1 Qxb2 0-1

[Event "*** SCC Grand Prix: Titled Tuesday Blitz"]
[Site "Chess.com"]
[Date "2020.07.21"]
[Round "3"]
[White "Sn00pPawn"]
[Black "NotFischer"]
[Result "0-1"]
[WhiteElo "1783"]
[BlackElo "2255"]
[TimeControl "180+1"]
[EndTime "10:27:25 PDT"]
[Termination "NotFischer won on time"]

1. e4 d5 2. exd5 Nf6 3. d4 Bg4 4. Nf3 Qxd5 5. Be2 Nc6 6. h3 Bh5 7. c4 Qd7 8. g4 Bg6 9. d5 Nb4 10.
Na3 O-O-O 11. Ne5 Qe8 12. Qb3 e6 13. Bd2 Na6 14. Nxg6 hxg6 15. O-O-O exd5 16. cxd5 Qxe2 17. Rhe1 Qxf2 18. Be3 Qg3 19. Nb5 Bb4 20. Nxa7+ Kb8 0-1

[Event "*** SCC Grand Prix: Titled Tuesday Blitz"]
[Site "Chess.com"]
[Date "2020.07.21"]
[Round "3"]
[White "mariangie523"]
[Black "djano"]
[Result "0-1"]
[WhiteElo "2021"]
[BlackElo "2462"]
[TimeControl "180+1"]
[EndTime "10:27:26 PDT"]
[Termination "djano won on time"]

1. e4 g6 2. d4 Bg7 3. Be3 d6 4. Nc3 Nd7 5. f4 a6 6. Nf3 b5 7. Bd3 c5 8. dxc5 Nxc5 9. Bd4 Bxd4 10. Nxd4 Bb7 11. b4 Nxd3+ 12. cxd3 Rc8 13. Nde2 Qb6 14. Rc1 Nf6 15. h3 O-O 16. Qd2 e6 17. g4 d5 18. e5 d4 19. Nd1 Bxh1 20. exf6 Rxc1 21. Qxc1 Bb7 22. Nf2 Rc8 23. Qd2 Qd6 24. Ng3 Qc6 25. Ke2 Qc1 26. Nge4 Rc2 0-1

[Event "*** SCC Grand Prix: Titled Tuesday Blitz"]
[Site "Chess.com"]
[Date "2020.07.21"]
[Round "3"]
[White "RenarddesSurfaces"]
[Black "1977Ivan"]
[Result "0-1"]
[WhiteElo "2417"]
[BlackElo "2681"]
[TimeControl "180+1"]
[EndTime "10:27:27 PDT"]
[Termination "1977Ivan won on time"]

1. e4 c5 2. c3 e6 3. d4 d5 4.
exd5 exd5 5. Nf3 a6 6. Be2 c4 7. b3 cxb3 8. axb3 Bd6 9. O-O Ne7 10. c4 Nbc6 11. c5 Bc7 12. Bg5 O-O 13. Bh4 Bg4 14.
Bg3 Bxg3 15. hxg3 Nf5 16. Nc3 Re8 17. Rc1 g6 18. Re1 h5 19. Qd3 Rc8 20. Rb1 Rc7 21. b4 Rce7 22. b5 Bxf3 23. bxc6 Bxe2 24. Rxe2 Rxe2 25.
Nxe2 bxc6 26. Qxa6 Re4 27. Nc3 Re6 28. Qa7 Qf6 29.
Rb8+ Kh7 30. Rf8 Re7 31. Qb8 Nxd4 32. Kh2 h4 33. g4 Ne6 34. Rc8 Qxc3 0-1

[Event "*** SCC Grand Prix: Titled Tuesday Blitz"]
[Site "Chess.com"]
[Date "2020.07.21"]
[Round "3"]
[White "Gabix_94"]
[Black "PavelShkapenko"]
[Result "1-0"]
[WhiteElo "2885"]
[BlackElo "2622"]
[TimeControl "180+1"]
[EndTime "10:27:28 PDT"]
[Termination "Gabix_94 won by resignation"]

1. c4 Nf6 2. Nc3 e6 3. e4 c5 4. e5 Ng8 5. Nf3 d6 6. exd6 Bxd6 7. d4 cxd4 8. Qxd4 Nf6 9. Bg5 Nc6 10. Qd2 Be7 11.
Qxd8+ Bxd8 12. O-O-O h6 13. Bf4 a6 14. Be2 Bb6 15.
Bg3 Nh5 16. Ne4 Nxg3 17. hxg3 f5 18. Nd6+ Ke7 19. Rhf1 Rd8 20. Nxc8+ Raxc8 21. Rxd8 Rxd8 22. a3 e5 23. b4 e4 24. Nd2 e3 25. Nb3 Nd4 26. Nxd4 Bxd4 27. fxe3 Bxe3+ 28. Kb1 Kf6 29. Bf3 b6 30. Bd5 b5 31. Rf3 Bg5 32. g4 f4 33.
Kc2 bxc4 34. Bxc4 Rd6 35. Kb3 Ke5 36. a4 Bd8 37. a5 g5 38. Rf1 Be7 39. Re1+ Kf6 40. Ka4 Bf8 41. Re8 Kg7 42. Ra8 Rd4 43. Ra7+ Kg6 44. Rxa6+ Kg7 45. Rc6 Rd2 46. a6 Rb2 47. Bb3 Rb1 48. Rc7+ Kf6 49. Rf7+ Ke5 50. Rxf8 Ra1+ 51. Kb5 Kd4 52. Rc8 Ke3 53. Rc2 Kd4 54. Ra2 1-0

[Event "*** SCC Grand Prix: Titled Tuesday Blitz"]
[Site "Chess.com"]
[Date "2020.07.21"]
[Round "3"]
[White "MidnightFox"]
[Black "Mikhail_Golubev"]
[Result "0-1"]
[WhiteElo "2383"]
[BlackElo "2605"]
[TimeControl "180+1"]
[EndTime "10:27:28 PDT"]
[Termination "Mikhail_Golubev won by resignation"]

1. e4 c5 2. Nf3 d6 3. Bb5+ Bd7 4. c4 Nc6 5. d4 cxd4 6. Nxd4 Nf6 7. Nc3 e6 8. O-O Be7 9. Be3 O-O 10. Bxc6 bxc6 11. Qd2 e5 12. Nc2 Be6 13. b3 d5 14. exd5 cxd5 15. cxd5 Nxd5 16. Nxd5 Qxd5 17. Rfd1 Qxd2 18. Rxd2 f5 19. f3 a5 20. Re1 a4 21. Bf2 axb3 22. axb3 Bxb3 23. Rxe5 Bf6 24. Ree2 Bc3 25. Rd3 Bc4 26.
Rxc3 Bxe2 27. h3 Rac8 28. Rxc8 Rxc8 29. Nd4 Bd3 30. g4 f4 31. Ne6 Rc4 32. Bd4 Kf7 33.
Ng5+ Kg6 34. Ne6 Kf7 35. Ng5+ Kg8 36. Ne6 g5 37. Be5 Rc1+ 38. Kf2 Rf1+ 39. Kg2 Re1 40. Nc5 Bf1+ 41. Kf2 Rxe5 0-1

[Event "*** SCC Grand Prix: Titled Tuesday Blitz"]
[Site "Chess.com"]
[Date "2020.07.21"]
[Round "3"]
[White "Zhuu96"]
[Black "WildTricks"]
[Result "1-0"]
[WhiteElo "2799"]
[BlackElo "2513"]
[TimeControl "180+1"]
[EndTime "10:27:29 PDT"]
[Termination "Zhuu96 won by resignation"]

1. Nf3 Nf6 2. e3 b6 3. b3 Bb7 4. Bb2 g6 5. c4 Bg7 6. Be2 O-O 7. O-O c5 8. Nc3 d5 9. Nxd5 Nxd5 10. Bxg7 Kxg7 11.
cxd5 Qxd5 12. Qc1 Nc6 13. Qb2+ f6 14. Rfd1 Rfd8 15. a3 e5 16. b4 c4 17. Rac1 b5 18.
d3 cxd3 19. Rxd3 Qe6 20. Rxd8 Rxd8 21. Bxb5 Rd6 22. h3 g5 23. Qe2 g4 24. hxg4 Qxg4 25.
Rc4 Qh5 26. Rh4 Qg6 27. Ne1 Kh8 28. Bd3 f5 29. Qc2 e4 30. Be2 Qf6 31. Rf4 Kg7 32. Qc5 Ne7 33. Qxa7 Bd5 34. Rxf5 Qe6 35. Rg5+ Kf6 36.
Rh5 Kg6 37. g3 Rd7 38. Qc5 Rd6 39. Ng2 Rc6 40. Nf4+ 1-0

[Event "*** SCC Grand Prix: Titled Tuesday Blitz"]
[Site "Chess.com"]
[Date "2020.07.21"]
[Round "3"]
[White "DenisQ"]
[Black "FairChess_on_YouTube"]
[Result "0-1"]
[WhiteElo "2626"]
[BlackElo "2992"]
[TimeControl "180+1"]
[EndTime "10:27:29 PDT"]
[Termination "FairChess_on_YouTube won on time"]

1. Nf3 b5 2. e3 a6 3. b3 Bb7 4. Bb2 Nf6 5. Be2 g6 6. O-O Bg7 7. c4 bxc4 8. bxc4 O-O 9. Nc3 c5 10. Rb1 Nc6 11. Nd5 Rb8 12. Nxf6+ Bxf6 13. Bxf6 exf6 14.
Qa4 Qa5 15. Qxa5 Nxa5 16. d3 d5 17. cxd5 Bxd5 18. a3 Ba2 19. Rxb8 Rxb8 20. Rc1 Rb2 21. Rxc5 Nb3 22. Rc8+ Kg7 23. Bf1 Rb1 24. g4 Nc1 25. Kg2 Be6 26. Rc3 Bxg4 27. Nd4 Bd1 28. Nc6 Ba4 29. d4 Nb3 30. Bxa6 Nd2 31. d5 Rb2 32.
Bd3 Bd1 33. Nd4 Rb8 34. d6 Rd8 35. Rc1 Ba4 0-1

[Event "*** SCC Grand Prix: Titled Tuesday Blitz"]
[Site "Chess.com"]
[Date "2020.07.21"]
[Round "3"]
[White "GigaQuparadze"]
[Black "knightmare7724"]
[Result "1-0"]
[WhiteElo "2868"]
[BlackElo "2596"]
[TimeControl "180+1"]
[EndTime "10:27:29 PDT"]
[Termination "GigaQuparadze won by resignation"]

1. e4 e5 2. Nf3 Nc6 3. Bb5 a6 4. Ba4 Nf6 5. Nc3 b5 6. Bb3 Be7 7. O-O d6 8. Nd5 O-O 9. Nxf6+ Bxf6 10. c3 Na5 11. Bc2 c5 12. h3 Bb7 13. d4 cxd4 14. cxd4 Rc8 15. d5 Qc7 16. Bd3 Qb8 17. b3 Ba8 18. Nh2 g6 19. Ng4 Bg7 20. Ne3 Nb7 21. b4 Rc3 22. Bb2 Rc7 23. a4 bxa4 24. Rxa4 a5 25.
b5 Rfc8 26. Ba3 Bh6 27. Nc4 Nc5 28. Bxc5 Rxc5 29. Nxa5 Rc1 30. Qf3 Rxf1+ 31. Bxf1 Rc1 32.
Qd3 Bg5 33. Nc6 Bxc6 34. dxc6 Bd8 35. Ra2 Bb6 36. Rc2 Ra1 37. g3 Kg7 38. Kg2 Qc7 39.
Qf3 Ra5 40. Bc4 h5 41. Rd2 Ra4 42. Qd3 Bd4 43. Qb3 Ra5 44. Bd5 Bc5 45. Rc2 Ra3 46.
Qb2 Ra8 47. Rxc5 dxc5 48. b6 Qd6 49. c7 Rf8 50. Qb5 c4 51. Qxc4 f5 52. b7 fxe4 53. c8=Q Rxf2+ 54. Kxf2 Qb6+ 55. Q8c5 Qb2+ 56. Qc2 e3+ 57.
Kxe3 1-0

[Event "*** SCC Grand Prix: Titled Tuesday Blitz"]
[Site "Chess.com"]
[Date "2020.07.21"]
[Round "3"]
[White "skiff134"]
[Black "Jungle_Jaguar"]
[Result "1-0"]
[WhiteElo "2613"]
[BlackElo "2579"]
[TimeControl "180+1"]
[EndTime "10:27:29 PDT"]
[Termination "skiff134 won by resignation"]

1. d4 d5 2. c4 c6 3. Nc3 Nf6 4. Nf3 e6 5. Bg5 Nbd7 6. e3 Qa5 7. Nd2 Bb4 8. Qc2 O-O 9. Bxf6 Nxf6 10. Bd3 Rd8 11.
O-O h6 12. a3 Bf8 13. Kh1 dxc4 14. Nxc4 Qh5 15. b4 b6 16. Ne5 Ng4 17. Nxg4 Qxg4 18. Be4 Bb7 19. Bf3 Qh4 20. Ne2 Rac8 21. Qa4 a6 22.
Rac1 Qe7 23. Ng3 c5 24. Bxb7 Qxb7 25. bxc5 bxc5 26. dxc5 Rxc5 27. Rxc5 Bxc5 28. h3 Be7 29.
Rc1 Rd2 30. Qe8+ Kh7 31. Qxf7 Qd7 32. Nh5 Bxa3 33. Nf6+ 1-0

[Event "*** SCC Grand Prix: Titled Tuesday Blitz"]
[Site "Chess.com"]
[Date "2020.07.21"]
[Round "3"]
[White "reutik"]
[Black "SamuelGhimpu2003"]
[Result "0-1"]
[WhiteElo "2322"]
[BlackElo "2560"]
[TimeControl "180+1"]
[EndTime "10:27:29 PDT"]
[Termination "SamuelGhimpu2003 won by resignation"]

1. d4 Nf6 2. c4 e6 3. Nf3 d5 4. Nc3 c6 5. e3 Nbd7 6. Qc2 Bd6 7. Bd2 O-O 8. O-O-O dxc4 9. Bxc4 b5 10. Bd3 a5 11. Kb1 a4 12. Ne4 Nxe4 13. Bxe4 Nf6 14. Bxc6 Rb8 15. Ne5 Qc7 16. f4 Bb7 17.
Bf3 Qb6 18. Bxb7 Qxb7 19. g4 b4 20. Qc6 Qe7 21. Qf3 b3 22. Nc6 bxa2+ 23. Ka1 Qb7 24. Bc3 a3 25. Rd2 Rfc8 26. d5 Nxd5 27. Nxb8 Rxb8 28.
e4 Nxc3 29. Qxc3 Bb4 30. Qb3 Bxd2 31. Qxb7 Rxb7 32. bxa3 Bxf4 33. Kxa2 g5 34. h4 h6 35. hxg5 hxg5 36. Rc1 Bxc1 0-1

[Event "*** SCC Grand Prix: Titled Tuesday Blitz"]
[Site "Chess.com"]
[Date "2020.07.21"]
[Round "3"]
[White "cukin84"]
[Black "MFguimaraes"]
[Result "0-1"]
[WhiteElo "2166"]
[BlackElo "2404"]
[TimeControl "180+1"]
[EndTime "10:27:29 PDT"]
[Termination "MFguimaraes won by resignation"]

1. e4 Nf6 2. e5 Nd5 3. d4 d6 4. c4 Nb6 5. exd6 cxd6 6. Nc3 g6 7. Nf3 Bg7 8. Be3 O-O 9. Be2 Nc6 10. O-O Bg4 11. b3 Rc8 12. Rc1 e5 13. d5 Ne7 14.
Nd2 Bd7 15. Nde4 Qc7 16. c5 dxc5 17. d6 Qd8 18. dxe7 Qxe7 19. Nd5 Nxd5 20. Qxd5 b6 21. Qd6 Qe8 22. Rfd1 Bc6 23. Bf3 f5 24. Ng5 Bxf3 25. Nxf3 e4 26. Ng5 h6 27. Ne6 Rf6 28. Nxg7 Kxg7 29.
Qd7+ Rf7 30. Qxe8 Rxe8 31. Bf4 g5 32. Bd2 f4 33. Rc4 e3 34. Bc3+ Kh7 35. fxe3 fxe3 36. Re1 e2 37. Bd2 Ref8 38. h4 Rf1+ 39. Kh2 Rxe1 40.
Bxe1 Rf1 41. Rc1 gxh4 42. g4 hxg3+ 43. Kxg3 Kg6 44. Kg2 Kf5 45. a4 Ke4 46. Rc4+ Kd3 47. Rc3+ Kd4 48. Rc4+ Kd5 49. Rc1 h5 50. Kh3 a6 51. Kh4 Rh1+ 52. Kg3 b5 53. Kf3 c4 54.
bxc4+ bxc4 55. Kxe2 Rh2+ 56. Kd1 Ra2 57. a5 Kd4 58.
Rb1 c3 59. Kc1 Kd3 60. Bh4 Rh2 61. Be1 Rh1 0-1

[Event "*** SCC Grand Prix: Titled Tuesday Blitz"]
[Site "Chess.com"]
[Date "2020.07.21"]
[Round "3"]
[White "Vandros57"]
[Black "maiconramazzotte99"]
[Result "0-1"]
[WhiteElo "2105"]
[BlackElo "1759"]
[TimeControl "180+1"]
[EndTime "10:27:29 PDT"]
[Termination "maiconramazzotte99 won on time"]

1. c4 Nf6 2. Nc3 e6 3. g3 Be7 4. Bg2 c6 5. d4 d5 6. cxd5 cxd5 7. Nf3 Bd7 8. O-O Nc6 9. Bg5 a6 10.
Bxf6 Bxf6 11. e4 dxe4 12. Nxe4 O-O 13. Rc1 Rc8 14. a3 Qe7 15. Nxf6+ Qxf6 16. Re1 Rfd8 17.
Ne5 Qe7 18. Qg4 Nxe5 19. dxe5 b5 20. Be4 Rxc1 21. Rxc1 Rc8 22. Rxc8+ Bxc8 23. Bc2 Qc5 24. Qe4 g6 25. h4 Kg7 26. h5 Bd7 27. Bd1 Bc6 28.
Qf4 Qd5 29. h6+ Kf8 30. f3 Qxd1+ 31. Kh2 Qe2+ 32. Kh3 Qxf3 33. Qd4 Qh5+ 34. Qh4 Qxh4+ 35. Kxh4 Ke7 36. Kg5 Bd5 37. b4 Be4 38. g4 Bb1 39. Kf4 Bd3 40. g5 Bf5 41. Ke3 Kd7 42. Kd4 Kc6 43. Kc3 Kd5 0-1

[Event "*** SCC Grand Prix: Titled Tuesday Blitz"]
[Site "Chess.com"]
[Date "2020.07.21"]
[Round "3"]
[White "GMJustin"]
[Black "White_Ghost"]
[Result "0-1"]
[WhiteElo "2293"]
[BlackElo "2543"]
[TimeControl "180+1"]
[EndTime "10:27:31 PDT"]
[Termination "White_Ghost won on time"]

1. e4 e5 2. Nc3 Nf6 3. Nf3 Nc6 4. Bb5 Bc5 5. O-O d6 6. d4 exd4 7. Nxd4 Bd7 8. Be3 Bb6 9. Bxc6 bxc6 10. f3 O-O 11.
Qd2 Re8 12. Kh1 Rb8 13. Rad1 Qe7 14. Bg5 h6 15. Bh4 Qe5 16. Nde2 Bc8 17. Nc1 Ba6 18. Nd3 Bxd3 19. Qxd3 Nh5 20. Be1 Nf4 21. Qd2 Qf6 22. g3 Ne6 23. Kg2 Ba5 24. b3 h5 25. Qe3 h4 26.
Ne2 Bb6 27. Qd3 h3+ 28. Kh1 Nc5 29. Qc4 Nxe4 0-1